AoeStats
← Solinero

Arabia

509903686Analyzed
1v1 RM · 3d ago on Sep 28, 2026· 27m 41s· 2 players
Game mode
Random Map
Map size
Tiny (2 player)
Population
200
Speed
Normal
Resources
Standard
Victory
Conquest
Starting age
Dark Age
Ending age
Imperial Age
RankedLock teamsTeams togetherTeam positionsShared explorationLock speedFull tech treeHidden civsTurbo modeCheats
Victory
Defeat
🇩🇪 Franks · Germany
588
+19
🇲🇽 Koreans · Mexico
648
-35
Solinero
7:37 Loom
10:16 Feudal Age
11:40 Double-Bit Axe
19:56 Castle Age
21:08 Scale Barding Armor
24:35 Forging
24:46 Chain Barding Armor
26:15 Iron Casting
26:43 Man-at-Arms
Randy
11:50 Feudal Age
10:08 Loom
17:47 Horse Collar
20:23 Double-Bit Axe
27:43 Castle Age
27:51 Castle Age
Connection lost

Rejoining the realm…

Still unreachable

The connection could not be restored.

Session expired

The server has moved on; the page needs a fresh start.